 Dungeon Crawl Stone Soup version 0.24-a0-584-g9d6b971ae4 (webtiles) character file.

Game seed: 4487838474814257313, levelgen mode: deterministic

40 Gynju the Chucker (level 3, 0/37 HPs)
             Began as an Ogre Hunter on Sept 6, 2019.
             Slain by an adder (1 damage)
             ... on level 2 of the Dungeon.
             The game lasted 00:02:45 (1826 turns).

Gynju the Chucker (Ogre Hunter)                     Turns: 1826, Time: 00:02:46

Health: 0/37       AC:  3    Str: 17    XL:     3   Next: 50%
Magic:  3/3        EV: 10    Int: 12    God:
Gold:   59         SH:  0    Dex:  9    Spells: 2/2 levels left

rFire    x . .     SeeInvis .   a - +0 whip
rCold    + . .     Gourm    .   (no shield)
rNeg     . . .     Faith    .   b - +0 robe
rPois    .         Spirit   .   (helmet restricted)
rElec    .         Reflect  .   (no cloak)
rCorr    .         Harm     .   (gloves unavailable)
MR       .....                  (boots unavailable)
Stlth    +.........             (no amulet)
HPRegen  0.12/turn              e - ring of ice
MPRegen  0.08/turn              (no ring)

@: lethally poisoned (0 -> -6)
A: large, unfitting armour, tough skin 1
a: no special abilities


You were on level 2 of the Dungeon.
You were not hungry.

You visited 1 branch of the dungeon, and saw 2 of its levels.

You collected 59 gold pieces.

Inventory:

Hand Weapons
 a - a +0 whip (weapon)
Missiles
 c - 5 large rocks (quivered)
 d - 2 throwing nets
Armour
 b - a +0 robe (worn)
Jewellery
 e - a ring of ice (left hand)
Scrolls
 h - a scroll of teleportation {unknown}
Potions
 i - 2 potions of curing {unknown}
 j - a potion of berserk rage {unknown}
Comestibles
 f - 2 rations


   Skills:
 - Level 3.3 Fighting
 + Level 1.2 Maces & Flails
 - Level 4.3 Throwing
 - Level 2.2 Dodging
 - Level 0.6 Stealth


You had 2 spell levels left.
You didn't know any spells.
Your spell library was empty.

Dungeon Overview and Level Annotations

Branches:
Dungeon (2/15)

Altars:


Innate Abilities, Weirdness & Mutations

You are too large for most types of armour.
You have tough skin. (AC +1)


Message History

* * * LOW HITPOINT WARNING * * *
You are more poisoned.
The adder poisons you! The hobgoblin closely misses you. The adder bites you.
* * * LOW HITPOINT WARNING * * *
You barely miss the adder.
The adder is severely wounded.
* * * LOW HITPOINT WARNING * * *
You feel sick. The adder bites you.
* * * LOW HITPOINT WARNING * * *
The hobgoblin closely misses you.
You hit the adder but do no damage.
The adder is severely wounded.
* * * LOW HITPOINT WARNING * * *
You feel sick. The adder bites you but does no damage.
The hobgoblin hits you with a +0 club.
* * * LOW HITPOINT WARNING * * *
You barely miss the adder.
The adder is severely wounded.
The adder bites you.
You die...

###### #....# #####
#....######### #...#
#....##.......
#####...###....##.......
........'.'.....'.......
#......###...###.......
#....g@# #...# #......[
#.....S# #...# #.......
+......# #...# ########
#......# #...# #.######
#.... ... #+##. ..


You could see an adder and a hobgoblin.

Vanquished Creatures
  An adder (D:2)
  A leopard gecko (D:1)
  A giant cockroach (D:1)
  6 goblins
  2 hobgoblins (D:1)
  7 jackals (D:1)
  2 kobolds (D:1)
  A ball python (D:1)
  2 bats (D:1)
  2 frilled lizards
  A rat (D:1)
26 creatures vanquished.

Notes
Turn   | Place    | Note
-------+----------+-------------------------------------------
     0 | D:1      | Gynju the Ogre Hunter began the quest for the Orb.
     0 | D:1      | Reached XP level 1. HP: 22/22 MP: 1/1
   251 | D:1      | Reached XP level 2. HP: 24/31 MP: 2/2
  1045 | D:1      | Reached XP level 3. HP: 30/37 MP: 3/3
  1564 | D:2      | Reached skill level 1 in Maces & Flails
  1825 | D:2      | HP: 1/37 [hobgoblin/+0 club (3)]
  1826 | D:2      | Slain by an adder

Levels and vault maps discovered:
D:1:      dpeg_arrival_connections, layout_loops_ring
D:2:      layout_basic, lemuel_round_altar

Skill      XL: |  1  2  3 |
---------------+----------+-----
Fighting       | 3 |  3.3
Dodging        | 2 |  2.2
Maces & Flails | 1 |  1.2
Throwing       | |  4.3
Stealth        | |  0.6

Action                   || total
-------------------------++-------
Melee: Club              ||    75
       Short sword       ||     3
       Whip              ||    67
 Stab: Sleeping          ||     1
  Eat: Chunk             ||     3
Armor: Robe              ||    63
Dodge: Dodged            ||   120

Table legend:
 A = Non-vault XP
 B = Vault XP
 C = Vault XP percentage of total XP
 D = Non-vault monster count
 E = Vault monster count
 F = Vault count percentage of total count
                 A         B        C        D         E       F
            +---------+---------+-------+---------+---------+-------
      Total |      58 |       0 |   0.0 |      26 |       0 |   0.0
            +---------+---------+-------+---------+---------+-------
        D:1 |      42 |       0 |   0.0 |      23 |       0 |   0.0
        D:2 |      16 |       0 |   0.0 |       3 |       0 |   0.0
            +---------+---------+-------+---------+---------+-------
